 Dungeon Crawl Stone Soup version 0.22-a0-601-gb0ed703 (webtiles) character file.

177652 Mamutox the Brawler (level 17, -1/157 HPs)
             Began as a Troll Chaos Knight on July 6, 2018.
             Killed from afar by a deep elf high priest (20 damage)
             ... with damnation
             ... on level 3 of the Elven Halls.
             The game lasted 03:07:42 (32499 turns).

Mamutox the Brawler (Troll Chaos Knight)           Turns: 32499, Time: 03:07:51

Health: -1/157     AC: 27    Str: 24    XL:     17   Next: 55%
Magic:  22/22      EV: 21    Int: 10    God:    Xom [...*..]
Gold:   2764       SH: 11    Dex: 14    Spells: 16/16 levels left

rFire    + . .     SeeInvis .     - Unarmed
rCold    + . .     Gourm    +   W - +0 shield {AC+3}
rNeg     + . .     Faith    .   t - quicksilver dragon scales
rPois    .         Spirit   .   (helmet restricted)
rElec    .         Reflect  .   m - scarf {rC+ rF+}
rCorr    .         Harm     .   (gloves unavailable)
MR       +++++     Clarity  +   (boots unavailable)
Stlth    +.........             Y - amulet of the Four Winds {rN+ MR+++ Clar}
HPRegen  0.76/turn              Z - +6 ring of evasion
MPRegen  0.18/turn              M - +4 ring of protection

@: very slightly contaminated
A: large, unfitting armour, claws 3, hooves 2, horns 1, yellow scales 2,
camouflage 1, clever 1, fast metabolism 3, frail 1, gourmand, magic resistance
1, regeneration 1, shaggy fur 1, tough skin 3, wild magic 2, evolution 1, sturdy
frame 1
a: Renounce Religion


You were on level 3 of the Elven Halls.
You worshipped Xom.
You were a favourite toy of Xom.
You were very full.

You visited 6 branches of the dungeon, and saw 28 of its levels.
You also visited: Labyrinth and Bailey.

You collected 3062 gold pieces.
You spent 298 gold pieces at shops.

Inventory:

Missiles
 h - 6 poisoned tomahawks
 p - 5 javelins
 r - a throwing net
 G - 6 large rocks (quivered)
 H - 47 tomahawks of returning
Armour
 m - a scarf of resistance (worn)
 t - quicksilver dragon scales (worn)
 O - +2 fire dragon scales
 W - a +0 shield of protection (worn)
Jewellery
 F - an uncursed ring of resist corrosion
 M - a +4 ring of protection (right claw)
 Y - the amulet of the Four Winds (around neck) {rN+ MR+++ Clar}
   (You found it in a labyrinth)

   [amulet of nothing]

   It protects you from negative energy.
   It affects your resistance to hostile enchantments.
   It protects you against confusion.
 Z - a +6 ring of evasion (left claw)
Wands
 k - a wand of random effects (72)
 v - a wand of scattershot (4)
 w - a wand of flame (96)
 y - a wand of paralysis (15)
 z - a wand of disintegration (20)
 K - a wand of iceblast (26)
 N - a wand of polymorph (17)
 S - a wand of clouds (6)
 V - a wand of acid (22)
Scrolls
 a - a scroll of silence
 d - a scroll of amnesia
 f - 9 scrolls of enchant weapon
 i - 6 scrolls of enchant armour
 o - 8 scrolls of remove curse
 x - 5 scrolls of teleportation
 B - 3 scrolls of blinking
 C - 2 scrolls of fear
 D - a scroll of summoning {unknown}
 I - a scroll of vulnerability {unknown}
 L - a scroll of acquirement
 P - 2 scrolls of holy word
 Q - 2 scrolls of identify
 T - 5 scrolls of magic mapping
 X - 6 scrolls of fog
Potions
 c - 8 potions of agility
 e - 10 potions of curing
 g - 2 potions of heal wounds
 j - 4 potions of berserk rage
 l - a potion of invisibility
 n - a potion of ambrosia
 q - 3 potions of haste
 u - 4 potions of lignification
 A - 7 potions of brilliance
 J - 2 potions of resistance
Miscellaneous
 s - a fan of gales
 U - a lightning rod (4/4)
Comestibles
 b - 49 rations


   Skills:
 + Level 12.4 Fighting
   Level 5.3 Maces & Flails
 - Level 9.3 Throwing
 - Level 10.1 Armour
 - Level 10.1 Dodging
 - Level 8.1 Shields
 + Level 15.0 Unarmed Combat
 + Level 9.2 Evocations


You had 16 spell levels left.
You didn't know any spells.
Your spell library contained the following spells:

 Spells                   Type           Power        Failure   Level  Hunger
 Cause Fear               Hex            #.........   100%        4    #####..
 Magic Dart               Conj           #...         67%         1    ##.....
 Apportation              Tloc           #.....       67%         1    ##.....
 Conjure Flame            Conj/Fire      #.......     94%         3    ####...
 Bolt of Magma            Conj/Fire/Erth #.........   100%        5    ######.
 Slow                     Hex            #.......     78%         2    ###....
 Confuse                  Hex            #.......     94%         3    ####...
 Freezing Cloud           Conj/Ice/Air   #.........   100%        6    #######
 Mephitic Cloud           Conj/Pois/Air  #.......     94%         3    ####...
 Ring of Flames           Chrm/Fire      #.........   100%        7    #######
 Venom Bolt               Conj/Pois      #.........   100%        5    ######.
 Summon Small Mammal      Summ           #...         67%         1    ##.....
 Bolt of Draining         Conj/Necr      #.........   100%        5    ######.
 Blink                    Tloc           N/A          78%         2    ###....
 Animate Skeleton         Necr           N/A          67%         1    ##.....
 Summon Ice Beast         Ice/Summ       #.......     100%        4    #####..
 Call Imp                 Summ           #.......     78%         2    ###....
 Dispel Undead            Necr           #.......     100%        5    ######.
 Sublimation of Blood     Necr           #.........   78%         2    ###....
 Tukima's Dance           Hex            #.......     94%         3    ####...
 Corpse Rot               Necr           N/A          78%         2    ###....
 Iron Shot                Conj/Erth      #.........   100%        6    #######
 Stone Arrow              Conj/Erth      #.....       94%         3    ####...
 Agony                    Necr           #.......     100%        5    ######.
 Confusing Touch          Hex            #.....       67%         1    ##.....
 Passwall                 Tmut/Erth      #.......     78%         2    ###....
 Call Canine Familiar     Summ           #.......     94%         3    ####...
 Ensorcelled Hibernation  Hex/Ice        #.....       78%         2    ###....
 Metabolic Englaciation   Hex/Ice        #.........   100%        5    ######.
 Summon Butterflies       Summ           #.......     67%         1    ##.....
 Corona                   Hex            #......      67%         1    ##.....
 Lee's Rapid Deconstruct  Erth           #.........   100%        5    ######.
 Sandblast                Erth           #.....       67%         1    ##.....
 Excruciating Wounds      Chrm/Necr      #.........   100%        5    ######.
 Portal Projectile        Hex/Tloc       #.....       94%         3    ####...
 Petrify                  Tmut/Erth      #.......     100%        4    #####..
 Orb of Destruction       Conj           #.........   100%        7    #######
 Leda's Liquefaction      Hex/Erth       #.........   100%        4    #####..
 Summon Hydra             Summ           #.........   100%        7    #######
 Inner Flame              Hex/Fire       #.......     94%         3    ####...
 Iskenderun's Battlesphe  Conj/Chrm      #.......     100%        5    ######.
 Dazzling Spray           Conj/Hex       #.....       94%         3    ####...
 Spellforged Servitor     Conj/Summ      #.........   100%        7    #######
 Summon Mana Viper        Hex/Summ       #.......     100%        5    ######.
 Gell's Gravitas          Tloc           #.........   94%         3    ####...
 Yara's Violent Unravell  Hex/Tmut       #.........   100%        5    ######.
 Poisonous Vapours        Pois/Air       #.....       78%         2    ###....


Dungeon Overview and Level Annotations

Branches:
Dungeon (15/15)            Temple (0/1) D:7            Lair (6/6) D:8
 Shoals (0/4) Lair:3        Snake (1/4) Lair:4        Slime (0/5) Lair:6
    Orc (2/2) D:12            Elf (3/3) Orc:2        Vaults (0/5) D:13
 Depths (1/5) D:15

Altars:
Ashenzari
Cheibriados
Dithmenos
Elyvilon
Fedhas
Gozag
Kikubaaqudgha
Makhleb
Nemelex Xobeh
Okawaru
Trog
Uskayaw
Vehumet
Wu Jian
Xom
Yredelemnul
Zin
Beogh
Jiyva

Shops:
D:11 }   D:13 [   Orc:1 ((?   Orc:2 =*[(*   Elf:1 :   Elf:2 *   Depths:1 (

Portals:
Ziggurat: Depths:1
Trove: D:14 (give 20 scrolls of identify)

Annotations:
D:9 2 transporters, exclusion: obsidian statue
D:12 3 runed doors, exclusion: obsidian statue, ThisFiasco's ghost, journeyman MiBe
Lair:6 3 runed doors, exclusion: 2 oklob plants, pedritolo's ghost, journeyman NaCK; vineage's ghost, adept FoFi; vishdafish's ghost, journeyman DsBe


Innate Abilities, Weirdness & Mutations

You are too large for most types of armour.
You have claws for hands.
Your metabolism is lightning-fast.
You like to eat raw meat.
Your natural rate of healing is unusually fast.
You are covered in fur. (AC +1)
You have extremely tough skin. (AC +3)
You have hoof-like feet.
You have a pair of small horns on your head.
You are mostly covered in yellow scales. (AC +3)
Your skin changes colour to match your surroundings (Stealth+).
Your mind is acute. (Int +2)
You are frail. (-10% HP)
You are resistant to hostile enchantments. (MR+)
Your spells are harder to cast, but more powerful.
You evolve.
Your movements are slightly less encumbered by armour. (ER -2)


Message History

A deep elf death mage comes into view. It is wielding a dagger.
The deep elf death mage shouts!
A yaktaur comes into view.
The yaktaur shouts!
A deep elf master archer comes into view.
The deep elf master archer shouts!
The deep elf high priest calls down the wrath of its god upon you.
Something smites you!
* * * LOW HITPOINT WARNING * * *
The deep elf death mage shouts!
You hear a shout!
Unknown command.
Blink to where?
Press: ? - help, Dir - move target cursor You are very lightly contaminated with residual magic.
As you read the scroll of blinking, it crumbles to dust.
You hear a shout! x2
The deep elf high priest calls down the wrath of its god upon you.
The sphere of damnation explodes!
The damnation engulfs you!
You die...
Xom thinks this is hilarious!

#...............)EEE.e.........
#................E.............
#...................e..........
#############....###########...
### ##.#.# #... #.### #.#.#
#... #e*.### #.#E# #∆ #...
#.ee..### #[#.# #.. #...
#e#.....## #@####.... #...
#.###e....##)##..e..# #...
#..#.##......†...e# #...
#..e.###..........# #...
#.....##.........## . #..[
#...e..#.e.......#... #...
#...............e...e #...
#..........ee§c...... #...
#.................... #...


You could see a deep elf master archer, a deep elf death mage, a deep elf
demonologist, a deep elf high priest and a yaktaur.

Vanquished Creatures
  A deep elf master archer (Elf:3)
  2 deep elf blademasters (Elf:2)
  2 orc warlords
  2 deep elf sorcerers (Elf:3)
  2 deep elf elementalists (Elf:3)
  A stone giant (Orc:1)
  2 deep elf demonologists (Elf:3)
  Nessos (D:14)
  2 deep elf annihilators (Elf:3)
  The ghost of sking99 the Fighter, a journeyman GrEE of Vehumet (Lair:5)
  A minotaur (Lab)
  2 deep elf death magi (Elf:3)
  2 death oozes (Lair:5)
  Harold (Lair:3)
  A yaktaur captain (D:15)
  11 hydras
  4 vault guards
  A catoblepas (D:10)
  A death yak (Orc:2)
  An alligator (Elf:2)
  A centaur warrior (D:15)
  12 two-headed ogres
  An ogre mage (D:14)
  23 dancing weapons
  A death knight (D:13)
  2 naga sharpshooters (Snake:1)
  3 orc high priests (Orc:2)
  Nergalle (Orc:1)
  15 deep elf knights
  A skeletal warrior (D:14)
  A fire crab (Lair:6)
  An unseen horror (D:15)
  A phantasmal warrior (D:13)
  2 lindwurms
  2 wolf spider zombies
  5 orc sorcerers
  56 deep elf magi
  6 deep elf archers
  2 cyclopes (shapeshifter)
  3 ugly things
  3 orc knights
  A moth of wrath (D:13)
  A salamander (Snake:1)
  The ghost of Blackrapter the Poker, a novice GrFi of Okawaru (D:6)
  4 black mambas
  A manticore (D:13)
  A cyclops (D:15)
  6 elephants (Lair:6)
  A water nymph (Elf:2)
  2 gargoyles
  3 naga magi (Snake:1)
  The ghost of WinstonMain the Grave Robber, a novice DDNe of Makhleb (D:6)
  4 torpor snails
  21 spiny frogs
  A freezing wraith (D:14)
  2 rime drakes (shapeshifter)
  2 rime drakes
  2 efreet
  6 komodo dragons
  The ghost of soark the Conjurer, a novice DEFE (D:5)
  A polar bear (Lair:6)
  2 tengu conjurers (D:14)
  7 trolls
  A wind drake (Lair:3)
  4 tyrant leeches (Lair:6)
  A meliai (D:13)
  A snapping turtle (Lair:3)
  2 slime creatures (Lair:5)
  27 blink frogs
  4 hippogriffs
  A shapeshifter (Snake:1)
  23 yaks
  A redback (D:13)
  A spriggan (D:7)
  A wyvern (Lair:6)
  7 wraiths
  3 air elementals
  A water elemental (Elf:2)
  A shadow (D:13)
  4 fire elementals
  A hungry ghost (D:8)
  3 basilisks
  2 wargs
  9 vampire mosquitoes
  6 nagas
  Edmund (D:5)
  An acid dragon (D:13)
  9 water moccasins
  A hell hound (D:8)
  2 porcupines (Lair:2)
  Duvessa (D:6)
  38 orc warriors
  3 phantoms
  5 sky beasts
  A slave (D:4)
  7 ice beasts
  An eye of draining (D:13)
  11 ogres
  6 crocodiles
  8 wolves
  10 centaurs
  2 big kobolds
  21 bullfrogs
  2 earth elementals
  3 scorpions
  Dowan (D:6)
  4 killer bees (D:11)
  14 wights
  3 electric eels
  3 crimson imps
  2 bullfrog zombies
  4 centaur zombies
  3 quasits
  6 hounds
  3 jellies
  16 orc priests
  2 iguanas
  Jessica (D:2)
  6 bullfrog skeletons
  3 centaur skeletons
  30 orc wizards
  7 hell rats (Lair:2)
  11 worker ants
  A killer bee zombie (D:6)
  A hound skeleton (D:4)
  2 worker ant zombies
  2 gnolls (Bailey)
  10 adders
  12 river rats (Lair:2)
  7 shadow imps
  3 oozes
  2 adder skeletons
  4 worms
  11 leopard geckos
  77 orcs
  6 giant cockroaches
  6 goblins
  6 hobgoblins
  3 jackals (D:10)
  15 kobolds
  2 quokkas (Lair:2)
  A ball python (D:1)
  5 bats
  2 frilled lizards
  A giant cockroach zombie (D:5)
  A jackal skeleton (D:7)
  A jackal zombie (D:7)
  A leopard gecko skeleton (D:6)
  15 rats
  A spectral orc (D:5)
  2 fungi
  4 plants
814 creatures vanquished.

Vanquished Creatures (collateral kills)
  A deep elf blademaster (Elf:2)
  A tengu reaver (D:13)
  A deep elf demonologist (Elf:3)
  3 death yaks (Lair:4)
  A deep elf knight (Elf:3)
  An orc high priest (Orc:2)
  3 deep elf archers (Elf:3)
  A glowing orange brain (Elf:3)
  2 orc knights (Orc:2)
  9 deep elf magi
  A spiny frog (Lair:4)
  A komodo dragon (Lair:4)
  7 blink frogs
  2 slime creatures (Lair:5)
  2 yaks (D:12)
  A basilisk (Lair:4)
  A naga (Lair:4)
  3 orc warriors
  2 slaves (D:4)
  An ogre (D:4)
  An earth elemental (Elf:1)
  An orc priest (Orc:2)
  An orc wizard (Orc:2)
  An orc (Orc:2)
  A hobgoblin (Bailey)
49 creatures vanquished.

Vanquished Creatures (others)
  4 dancing weapons
  A deep elf knight (Elf:2)
  Pikel (D:4)
  2 deep elf magi
  A blink frog (Lair:6)
  A slave (D:4)
  An orc wizard (Orc:2)
  An orc (Orc:1)
  A fire vortex (D:14)
  16 fungi
  40 plants
  8 withered plants
77 creatures vanquished.

Grand Total: 940 creatures vanquished

Notes
Turn   | Place    | Note
-------+----------+-------------------------------------------
     0 | D:1      | Mamutox the Troll Chaos Knight began the quest for the Orb.
     0 | D:1      | Reached XP level 1. HP: 22/22 MP: 0/0
    19 | D:1      | XOM: harmless Tloc miscast
    34 | D:1      | XOM: silly message
   210 | D:1      | Reached XP level 2. HP: 23/29 MP: 1/1
   541 | D:1      | XOM: harmless Hex miscast
   689 | D:2      | Noticed a scorpion
   693 | D:2      | XOM: potion effect (invisibility)
   699 | D:2      | Killed a scorpion
   699 | D:2      | Reached XP level 3. HP: 33/37 MP: 2/2
   699 | D:2      | Reached XP level 4. HP: 40/45 MP: 3/3
   761 | D:2      | XOM: silly message
   855 | D:2      | Noticed Jessica
   861 | D:2      | Killed Jessica
   861 | D:2      | Reached skill level 4 in Unarmed Combat
   883 | D:2      | XOM is BORED!
   883 | D:2      | XOM: noise
   997 | D:2      | Reached XP level 5. HP: 53/53 MP: 4/4
  1021 | D:2      | XOM is BORED!
  1021 | D:2      | XOM: harmless Tloc miscast
  1424 | D:3      | Noticed an ogre
  1429 | D:3      | XOM: enchant monster (good)
  1434 | D:3      | Killed an ogre
  1548 | D:3      | Found a sparkling altar of Nemelex Xobeh.
  1627 | D:3      | Found a glowing silver altar of Zin.
  1687 | D:3      | XOM: 4-stop teleportation journey
  1938 | D:3      | XOM: medium Necr miscast
  1969 | D:4      | Noticed an ogre
  1970 | D:4      | XOM: summons 5 friendly demons
  1981 | D:4      | Killed an ogre
  1981 | D:4      | Reached XP level 6. HP: 36/62 MP: 5/5
  2006 | D:4      | XOM is BORED!
  2023 | D:4      | XOM: divination: magic mapping
  2174 | D:4      | XOM: fake destruction
  2220 | D:4      | Noticed a slave
  2220 | D:4      | Noticed a slave
  2221 | D:4      | Noticed Pikel
  2221 | D:4      | Noticed a slave
  2221 | D:4      | Noticed a slave
  2243 | D:4      | XOM: fake destruction
  2244 | D:4      | XOM: enchant monster (good)
  2246 | D:4      | Killed a slave
  2248 | D:4      | XOM: potion effect (brilliance)
  2277 | D:4      | XOM: fog
  2300 | D:4      | XOM: summons 4 friendly demons
  2308 | D:4      | Killed a slave
  2314 | D:4      | Killed a slave
  2317 | D:4      | XOM: enchant monster (good)
  2318 | D:4      | XOM: fog
  2321 | D:4      | Killed Pikel
  2321 | D:4      | Reached skill level 5 in Unarmed Combat
  2321 | D:4      | Reached XP level 7. HP: 23/71 MP: 6/6
  2321 | D:4      | XOM: divine lightning
  2372 | D:4      | XOM: give mutations
  2372 | D:4      | Gained mutation: You are clumsy. (Dex -2) [Xom's mischief]
  2372 | D:4      | Gained mutation: You are somewhat resistant to further mutation. [Xom's mischief]
  2372 | D:4      | Gained mutation: You are dopey. (Int -2) [Xom's mischief]
  2372 | D:4      | Gained mutation: Armour fits poorly on your strangely shaped body. [Xom's mischief]
  2404 | D:4      | You fall through a shaft!
  2404 | D:5      | Entered Level 5 of the Dungeon
  2632 | D:4      | XOM: give mutations
  2632 | D:4      | Gained mutation: You have large cloven feet. [Xom's grace]
  2632 | D:4      | Gained mutation: You have a pair of small horns on your head. [Xom's grace]
  2632 | D:4      | Gained mutation: Your spells are a little harder to cast, but a little more powerful. [Xom's grace]
  2632 | D:4      | Gained mutation: Your spells are harder to cast, but more powerful. [Xom's grace]
  2747 | D:4      | XOM: god gift: fuming golden potion {god gift}
  2755 | D:4      | Reached skill level 6 in Unarmed Combat
  2781 | D:4      | XOM: confuse monster(s)
  2787 | D:4      | Reached skill level 5 in Fighting
  2920 | D:5      | Found a runed door.
  2922 | D:5      | Noticed soark's ghost (novice DEFE)
  2965 | D:5      | Noticed Edmund
  2980 | D:5      | Killed Edmund
  2980 | D:5      | Reached skill level 1 in Shields
  2980 | D:5      | Reached XP level 8. HP: 76/80 MP: 7/7
  3089 | D:5      | XOM: harmless Summ miscast
  3127 | D:5      | Found a basalt altar of Yredelemnul.
  3264 | D:5      | XOM: divination: detect items
  3294 | D:5      | XOM: potion effect (invisibility)
  3298 | D:5      | XOM: silly message
  3299 | D:5      | XOM: smoke on damage
  3304 | D:5      | XOM: potion effect (haste)
  3305 | D:5      | Reached skill level 5 in Dodging
  3637 | D:5      | XOM: scenery: create altars
  3656 | D:5      | XOM: divination: magic mapping
  3671 | D:5      | XOM: cloud trail
  3737 | D:5      | XOM: god gift: smoky inky potion {god gift}
  3749 | D:5      | Found a runed door.
  3762 | D:5      | XOM: enchant monster (good)
  3765 | D:5      | Killed soark's ghost
  3818 | D:5      | XOM: 5-stop teleportation journey
  4135 | D:5      | XOM: torment (43/83 hp)
  4212 | D:6      | Reached XP level 9. HP: 86/89 MP: 8/8
  4251 | D:6      | Found a runed gate.
  4251 | D:6      | Found a runed gate.
  4251 | D:6      | Found a runed gate.
  4251 | D:6      | Noticed Blackrapter's ghost (novice GrFi)
  4252 | D:6      | Noticed WinstonMain's ghost (novice DDNe)
  4288 | D:6      | Reached skill level 7 in Unarmed Combat
  4330 | D:6      | XOM: noise
  4470 | D:6      | Found a snail-covered altar of Cheibriados.
  4583 | D:6      | Noticed Dowan
  4583 | D:6      | Noticed Duvessa
  4606 | D:6      | Killed Dowan
  4655 | D:6      | Killed Duvessa
  4826 | D:6      | Found a burning altar of Makhleb.
  4850 | D:6      | XOM: blink monster(s)
  4871 | D:6      | XOM: give mutations
  4871 | D:6      | Gained mutation: You have a pair of horns on your head. [Xom's grace]
  4871 | D:6      | Gained mutation: You passively map a small area around you. [Xom's grace]
  4890 | D:6      | XOM: mild Erth miscast
  5541 | D:7      | Found a shattered altar of Ashenzari.
  5705 | D:7      | Found an iron altar of Okawaru.
  5705 | D:7      | Found a hide-covered altar of Uskayaw.
  5706 | D:7      | Found an ancient bone altar of Kikubaaqudgha.
  5780 | D:7      | Found a shattered altar of Ashenzari.
  6175 | D:7      | XOM: give mutation
  6175 | D:7      | Lost mutation: You passively map a small area around you. [Xom's mischief]
  6248 | D:7      | Found a staircase to the Ecumenical Temple.
  6464 | D:7      | XOM: medium Erth miscast
  6514 | D:8      | XOM: confuse monster(s)
  6646 | D:8      | Found a staircase to the Lair.
  6666 | D:8      | Noticed an efreet
  6666 | D:8      | a hell hound changed into an efreet
  6666 | D:8      | XOM: polymorph hell hound -> efreet
  6670 | D:8      | Killed an efreet
  6670 | D:8      | Reached skill level 8 in Unarmed Combat
  6924 | D:8      | Reached XP level 10. HP: 82/100 MP: 9/9
  6926 | D:8      | XOM: scenery: create altars
  6940 | D:8      | Found the +5 scythe "Finisher" {speed, Str+3}
  7011 | D:8      | XOM: cast spell 'Death Channel'
  7096 | D:8      | XOM: cloud trail
  7152 | D:8      | XOM: scenery: 1 doors open, 1 doors close
  7161 | D:8      | Found a flagged portal.
  7173 | Bailey   | Entered a bailey
  7180 | Bailey   | Noticed an orc warlord
  7194 | Bailey   | XOM: confuse monster(s)
  7324 | Bailey   | Found a runed gate.
  7324 | Bailey   | Found a runed gate.
  7335 | Bailey   | Found a runed gate.
  7446 | Bailey   | XOM: polymorph orc -> leopard gecko
  7464 | Bailey   | Killed an orc warlord
  7464 | Bailey   | Reached skill level 9 in Unarmed Combat
  7529 | Bailey   | XOM: scenery: create altars
  7533 | Bailey   | Got a shimmering long sword
  8020 | D:9      | Noticed a two-headed ogre
  8026 | D:9      | XOM: summons friendly iron imp
  8028 | D:9      | Killed a two-headed ogre
  8071 | D:9      | Noticed a rakshasa
  8074 | D:9      | Noticed an ettin
  8074 | D:9      | Noticed a cyclops
  8075 | D:9      | Found a transporter.
  8075 | D:9      | Noticed a wolf spider
  8075 | D:9      | Noticed an obsidian statue
  8160 | D:9      | Found a transporter.
  8303 | D:9      | Found a shimmering altar of Xom.
  8307 | D:9      | Found a radiant altar of Vehumet.
  8308 | D:9      | Found an opulent altar of Gozag.
  8457 | D:9      | Found a shadowy altar of Dithmenos.
  8710 | D:6      | XOM: give mutations
  8710 | D:6      | Lost mutation: You have large cloven feet. [Xom's mischief]
  8710 | D:6      | Gained mutation: Your body sometimes deteriorates upon taking damage. [Xom's mischief]
  8710 | D:6      | Lost mutation: You are dopey. (Int -2) [Xom's mischief]
  8752 | D:6      | XOM: fog
  8764 | D:6      | Killed Blackrapter's ghost
  8775 | D:6      | Killed WinstonMain's ghost
  8775 | D:6      | Reached XP level 11. HP: 70/111 MP: 10/10
  8861 | D:7      | XOM: scenery: create altars
  8915 | D:10     | Entered Level 10 of the Dungeon
  8915 | D:10     | Noticed a two-headed ogre
  8924 | D:10     | Killed a two-headed ogre
  8977 | D:10     | Found an ornate altar of the Wu Jian Council.
  9019 | D:10     | Noticed a catoblepas
  9079 | D:10     | Killed a catoblepas
  9177 | D:10     | XOM: blink monster(s)
  9301 | D:10     | Noticed a two-headed ogre
  9310 | D:10     | Killed a two-headed ogre
  9383 | D:10     | XOM is BORED!
  9383 | D:10     | XOM: mild Fire miscast
  9791 | D:11     | Noticed a two-headed ogre
  9801 | D:11     | Killed a two-headed ogre
  9801 | D:11     | Reached skill level 10 in Unarmed Combat
 10013 | D:11     | Found Zuofreid's Gadget Boutique.
 10185 | D:11     | Reached skill level 5 in Armour
 10210 | D:11     | XOM: enchant monster (bad)
 10281 | D:11     | Noticed a cyan ugly thing
 10289 | D:11     | Killed a cyan ugly thing
 10289 | D:11     | Reached skill level 5 in Shields
 10387 | D:11     | XOM: medium Fire miscast
 10501 | D:11     | XOM: blink monster(s)
 10679 | D:11     | XOM: summons 1 hostile shadow creature
 10811 | D:11     | XOM: cloud trail
 10962 | D:12     | Noticed a two-headed ogre
 10971 | D:12     | Killed a two-headed ogre
 11038 | D:12     | XOM: cleaving
 11206 | D:12     | Found a labyrinth entrance.
 11222 | Lab      | Entered a labyrinth
 11567 | Lab      | XOM: scenery: create altars
 11668 | Lab      | XOM: scenery: create altars
 11776 | Lab      | Noticed a minotaur
 11789 | Lab      | Killed a minotaur
 11892 | Lab      | Found the amulet of the Four Winds {rN+ MR+++ Clar}
 12077 | D:12     | Found a staircase to the Orcish Mines.
 12103 | D:12     | XOM: scenery: create altars
 12114 | D:12     | XOM: summons 7 friendly demons
 12115 | D:12     | XOM: scenery: create altars
 12118 | D:12     | Reached skill level 1 in Evocations
 12118 | D:12     | Reached XP level 12. HP: 119/119 MP: 11/11
 12191 | D:12     | Noticed a seven-headed hydra
 12192 | D:12     | XOM: cleaving
 12193 | D:12     | XOM: summons 5 friendly demons
 12201 | D:12     | Killed an 11-headed hydra
 12318 | D:12     | XOM: scenery: create altars
 12449 | D:12     | Found an ancient bone altar of Kikubaaqudgha.
 12599 | D:12     | XOM: cloud trail
 12644 | D:12     | Found a runed gate.
 12644 | D:12     | Found a runed gate.
 12644 | D:12     | Found an opulent altar of Gozag.
 12645 | D:12     | Found a runed gate.
 12647 | D:12     | Noticed ThisFiasco's ghost (journeyman MiBe)
 12647 | D:12     | Noticed an entropy weaver
 12647 | D:12     | a shining eye changed into an entropy weaver
 12648 | D:12     | Noticed a storm dragon
 12657 | Orc:1    | Entered Level 1 of the Orcish Mines
 12657 | Orc:1    | Found Omuymp's Magic Scroll Shoppe.
 12671 | Orc:1    | Noticed a two-headed ogre
 12691 | Orc:1    | Killed a two-headed ogre
 12897 | Orc:1    | XOM: god gift: hand axe {god gift}
 13055 | Orc:1    | Bought a scroll of blinking for 97 gold pieces
 13055 | Orc:1    | Bought a scroll of identify for 26 gold pieces
 13055 | Orc:1    | Bought a scroll of identify for 26 gold pieces
 13067 | Orc:1    | Bought a scroll of random uselessness for 13 gold pieces
 13080 | Orc:1    | Bought a scroll of fog for 26 gold pieces
 13084 | Orc:1    | Reached XP level 13. HP: 127/127 MP: 12/17
 13218 | Lair:1   | Entered Level 1 of the Lair of Beasts
 13252 | Lair:1   | XOM: potion effect (brilliance)
 13280 | Lair:1   | XOM: smoke on damage
 13592 | Lair:1   | XOM: harmless Conj miscast
 13632 | Lair:1   | Reached skill level 11 in Unarmed Combat
 13684 | Lair:1   | XOM: potion effect (brilliance)
 13705 | Lair:1   | XOM: silly message
 13805 | D:6      | XOM: harmless Ice miscast
 13863 | D:9      | XOM: harmless Conj miscast
 14140 | D:13     | Found Diudek's Antique Armour Shoppe.
 14168 | D:13     | XOM: silly message
 14193 | D:13     | XOM: harmless Hex miscast
 14251 | D:13     | XOM: divination: detect items
 14261 | D:13     | XOM: silly message
 14266 | D:13     | XOM: harmless Conj miscast
 14290 | D:13     | XOM: harmless Fire miscast
 14499 | D:13     | Found a gate to the Vaults.
 14516 | D:12     | XOM: smoke on damage
 14553 | D:12     | XOM: divination: detect items
 14572 | D:12     | XOM: harmless Pois miscast
 14591 | D:12     | XOM: summons 6 hostile demons
 14889 | D:13     | XOM: polymorph centaur warrior -> redback
 14898 | D:13     | XOM: enchant monster (bad)
 14903 | D:13     | XOM: scenery: 1 doors open, 1 doors close
 15068 | D:13     | Found a blossoming altar of Fedhas.
 15071 | D:13     | XOM: blink monster(s)
 15073 | D:13     | XOM: polymorph cyclops -> moth of wrath
 15115 | D:13     | XOM: enchant monster (bad)
 15120 | D:13     | Found a large runed door.
 15120 | D:13     | Found a large runed door.
 15120 | D:13     | XOM: 1-stop teleportation journey
 15125 | D:13     | XOM: harmless Fire miscast
 15257 | D:13     | Found a blossoming altar of Fedhas.
 15266 | D:13     | XOM: cleaving
 15359 | D:13     | Found a radiant altar of Vehumet.
 15359 | D:13     | Noticed a tengu reaver
 15367 | D:13     | Killed a tengu reaver
 15667 | D:13     | XOM: harmless Ice miscast
 15670 | D:13     | XOM: harmless Hex miscast
 15703 | D:14     | XOM: stealth player
 15743 | D:14     | XOM: swap monsters
 15766 | D:13     | XOM: smoke on damage
 15769 | D:13     | Reached skill level 5 in Throwing
 15769 | D:13     | Reached XP level 14. HP: 71/140 MP: 18/18
 15868 | D:14     | XOM: cast spell 'Statue Form'
 15896 | D:14     | XOM: stat loss: -1 Int (7/8)
 15964 | D:14     | Noticed Nessos
 15989 | D:14     | Killed Nessos
 16076 | D:14     | XOM: mild Fire miscast
 16151 | D:14     | Found a portal to a secret trove of treasure.
 16686 | D:14     | XOM: severe Tmut miscast
 16889 | D:15     | Entered Level 15 of the Dungeon
 16935 | D:15     | XOM: confuse monster(s)
 16982 | D:15     | Reached skill level 12 in Unarmed Combat
 17060 | D:15     | XOM: medium Tmut miscast
 17064 | D:15     | XOM: swap monsters
 17632 | D:15     | XOM: polymorph two-headed ogre -> lindwurm
 17673 | D:15     | XOM: summons friendly ynoxinul
 17675 | D:15     | XOM: enchant monster (good)
 17713 | D:15     | Found a staircase to the Depths.
 17713 | D:15     | XOM: enchant monster (good)
 18000 | D:15     | XOM: give mutations
 18000 | D:15     | Gained mutation: Your skin changes colour to match your surroundings (Stealth+). [Xom's grace]
 18000 | D:15     | Gained mutation: Your system is resistant to poisons. (rPois) [Xom's grace]
 18000 | D:15     | Gained mutation: Your movements are slightly less encumbered by armour. (ER -2) [Xom's grace]
 18000 | D:15     | Lost mutation: You are clumsy. (Dex -2) [Xom's grace]
 18103 | Depths:1 | Entered Level 1 of the Depths
 18148 | Depths:1 | Found a gateway to a ziggurat.
 18152 | Depths:1 | Noticed a brown very ugly thing
 18153 | Depths:1 | Noticed a brown very ugly thing
 18153 | Depths:1 | XOM: scenery: create altars
 18153 | Depths:1 | Noticed a brown very ugly thing
 18198 | Depths:1 | Found Ibet's Weapon Emporium.
 18721 | Lair:1   | Found a snail-covered altar of Cheibriados.
 19217 | Lair:2   | XOM: mild Tmut miscast
 19604 | Lair:2   | XOM: summons 5 hostile demons
 19807 | Lair:2   | XOM: give mutations
 19807 | Lair:2   | Lost mutation: Your system is resistant to poisons. (rPois) [Xom's mischief]
 19807 | Lair:2   | Lost mutation: Your body sometimes deteriorates upon taking damage. [Xom's mischief]
 19807 | Lair:2   | Lost mutation: Armour fits poorly on your strangely shaped body. [Xom's mischief]
 19983 | Lair:3   | XOM: give mutations
 19983 | Lair:3   | Gained mutation: You have extremely tough skin. (AC +3) [Xom's mischief]
 19983 | Lair:3   | Gained mutation: You are partially covered in yellow scales. (AC +2) [Xom's mischief]
 19983 | Lair:3   | Lost mutation: You have a pair of horns on your head. [Xom's mischief]
 20013 | Lair:3   | XOM: summons 1 hostile shadow creature
 20209 | Lair:3   | XOM: polymorph black mamba -> wind drake
 20255 | Lair:3   | XOM: mild Ice miscast
 20298 | Lair:3   | Noticed Harold
 20310 | Lair:3   | Killed Harold
 20310 | Lair:3   | Reached skill level 10 in Fighting
 20597 | Lair:3   | Found a staircase to the Shoals.
 20748 | Lair:4   | XOM: noise
 20756 | Lair:4   | XOM: summons friendly sun demon
 20875 | Lair:4   | Identified a scroll of acquirement
 20905 | Lair:4   | Found a staircase to the Snake Pit.
 20980 | Lair:4   | XOM: cleaving
 21019 | Lair:4   | XOM: enchant monster (good)
 21037 | Lair:4   | XOM: fog
 21040 | Lair:4   | Reached XP level 15. HP: 144/149 MP: 19/19
 21362 | Lair:4   | XOM: silly message
 21534 | Lair:5   | Found a white marble altar of Elyvilon.
 21655 | Lair:5   | Found a runed gate.
 21863 | Lair:5   | Found a runed gate.
 21863 | Lair:5   | Found a runed gate.
 21869 | Lair:5   | Noticed sking99's ghost (journeyman GrEE)
 21871 | Lair:5   | Found a viscous altar of Jiyva.
 21899 | Lair:5   | XOM: harmless Ice miscast
 21975 | Lair:5   | XOM: medium Ice miscast
 22384 | Lair:5   | XOM: medium Air miscast
 22445 | Lair:5   | XOM: mild Fire miscast
 22454 | Lair:5   | XOM: divination: detect items
 22466 | Lair:5   | XOM: silly message
 22474 | Lair:5   | XOM: divination: magic mapping
 22481 | Lair:5   | XOM: cast spell 'Shadow Creatures'
 22495 | Lair:5   | XOM: enchant monster (good)
 22532 | Lair:5   | XOM: cast spell 'Ring of Flames'
 22533 | Lair:5   | XOM: noise
 22537 | Lair:5   | Killed sking99's ghost
 22564 | Lair:5   | XOM: cloud trail
 22589 | Lair:6   | Entered Level 6 of the Lair of Beasts
 22602 | Lair:6   | Found a staircase to the Slime Pits.
 22751 | Lair:6   | XOM: harmless Tmut miscast
 22798 | Lair:6   | XOM: harmless Pois miscast
 22819 | Lair:6   | XOM: divination: detect items
 22821 | Lair:6   | XOM: potion effect (heal wounds)
 22959 | Lair:6   | Reached skill level 1 in Maces & Flails
 22998 | Lair:6   | XOM: cast spell 'Summon Mana Viper'
 23067 | Lair:6   | XOM: potion effect (curing)
 23121 | Lair:6   | XOM: noise
 23136 | Lair:6   | XOM: enchant monster (good)
 23158 | Lair:6   | XOM: fog
 23167 | Lair:6   | XOM: 5-stop teleportation journey
 23180 | Lair:6   | XOM: summons 8 friendly demons
 23314 | Lair:6   | Reached skill level 13 in Unarmed Combat
 23440 | Lair:6   | XOM: harmless Air miscast
 23537 | Lair:6   | Found a runed gate.
 23537 | Lair:6   | Found a runed gate.
 23538 | Lair:6   | Found a runed gate.
 23539 | Lair:6   | Noticed vineage's ghost (adept FoFi)
 23540 | Lair:6   | Noticed pedritolo's ghost (journeyman NaCK)
 23540 | Lair:6   | Noticed vishdafish's ghost (journeyman DsBe)
 23542 | Lair:6   | XOM: 3-stop teleportation journey
 23851 | Lair:6   | XOM: noise
 24141 | Snake:1  | Entered Level 1 of the Snake Pit
 24428 | Snake:1  | XOM: polymorph naga mage -> shapeshifter
 24527 | Snake:1  | XOM: polymorph shock serpent -> cyclops
 24546 | Snake:1  | XOM: fog
 25152 | Orc:1    | Found a roughly hewn altar of Beogh.
 25252 | Orc:1    | XOM: mild Necr miscast
 25319 | Orc:1    | Found Vutao's Weapon Shop.
 25322 | Orc:1    | Noticed Nergalle
 25329 | Orc:1    | Killed Nergalle
 25554 | Orc:1    | Found Ussypn's Antique Weapon Shop.
 25722 | Orc:2    | Entered Level 2 of the Orcish Mines
 25816 | Orc:2    | Found Iraptasch's General Store.
 25841 | Orc:2    | Bought a scroll of immolation for 45 gold pieces
 25841 | Orc:2    | Bought a ration for 65 gold pieces
 25858 | Orc:2    | Found a bloodstained altar of Trog.
 25877 | Orc:2    | XOM is BORED!
 25877 | Orc:2    | XOM: mild Air miscast
 25908 | Orc:2    | Noticed an orc warlord
 25986 | Orc:2    | XOM: enchant monster (good)
 25991 | Orc:2    | an orc warlord changed into a death yak
 25991 | Orc:2    | XOM: polymorph orc warlord -> death yak
 25994 | Orc:2    | XOM: mild Erth miscast
 26132 | Orc:2    | Found a staircase to the Elven Halls.
 26382 | Orc:2    | XOM: enchant monster (good)
 26410 | Orc:2    | XOM: summons friendly white imp
 26442 | Orc:2    | XOM: summons 3 friendly demons
 26618 | Orc:2    | Noticed an orc warlord
 26619 | Orc:2    | XOM: summons 2 friendly demons
 26620 | Orc:2    | XOM: potion effect (brilliance)
 26621 | Orc:2    | XOM: noise
 26624 | Orc:2    | XOM: harmless Chrm miscast
 26638 | Orc:2    | XOM: swap monsters
 26640 | Orc:2    | Gained mutation: You are frail. (-10% HP) [a neqoxec]
 26645 | Orc:2    | XOM: noise
 26785 | Orc:2    | XOM: swap monsters
 26809 | Orc:2    | XOM: scenery: create altars
 26870 | Orc:2    | XOM: enchant monster (bad)
 26873 | Orc:2    | XOM: repel stairs
 26882 | Orc:2    | Killed an orc warlord
 26882 | Orc:2    | Reached XP level 16. HP: 131/144 MP: 20/20
 26990 | Orc:2    | XOM: stat loss: -1 Dex (13/14)
 27012 | Orc:2    | XOM: summons 8 hostile demons
 27041 | Orc:2    | XOM: give mutations
 27041 | Orc:2    | Gained mutation: You have large cloven feet. [Xom's grace]
 27041 | Orc:2    | Gained mutation: You are resistant to hostile enchantments. (MR+) [Xom's grace]
 27090 | Orc:2    | Reached skill level 5 in Maces & Flails
 27149 | Orc:2    | Found Xusapi's General Store.
 27150 | Orc:2    | Found Yfujeisewk's Jewellery Shop.
 27152 | Orc:2    | Found Hiplanos's Antique Armour Shop.
 27152 | Orc:2    | Found Cujung's Antique Weapon Boutique.
 27405 | Elf:1    | Entered Level 1 of the Elven Halls
 27423 | Elf:1    | XOM: god gift: wand of scattershot (4)
 27493 | Elf:1    | XOM: scenery: create altars
 27677 | Elf:1    | XOM: 4-stop teleportation journey
 27684 | Elf:1    | XOM: destruction
 27692 | Elf:1    | XOM: cast spell 'Summon Dragon'
 27901 | Elf:1    | Found Huefexug's Book Shoppe.
 27956 | Elf:1    | XOM: enchant monster (good)
 27963 | Elf:1    | XOM: cleaving
 28173 | Elf:1    | XOM: divination: detect creatures
 28355 | Elf:1    | XOM: harmless Air miscast
 28504 | Elf:1    | XOM: mild Fire miscast
 28588 | Elf:1    | XOM: mild Erth miscast
 28608 | Elf:2    | XOM: medium Erth miscast
 28674 | Elf:2    | XOM: mild Ice miscast
 28682 | Elf:2    | XOM: enchant monster (bad)
 28987 | Elf:1    | XOM: mild Air miscast
 29029 | Elf:2    | XOM: noise
 29032 | Elf:2    | XOM: scenery: 2 doors open, 1 doors close
 29095 | Elf:2    | XOM: harmless Chrm miscast
 29104 | Elf:2    | XOM: give mutations
 29104 | Elf:2    | Gained mutation: Your mind is acute. (Int +2) [Xom's grace]
 29104 | Elf:2    | Gained mutation: You are mostly covered in yellow scales. (AC +3) [Xom's grace]
 29104 | Elf:2    | Lost mutation: You are somewhat resistant to further mutation. [Xom's grace]
 29104 | Elf:2    | Gained mutation: You evolve. [Xom's grace]
 29104 | Elf:2    | Gained mutation: You have hoof-like feet. [Xom's grace]
 29142 | Elf:2    | Reached skill level 10 in Dodging
 29247 | Elf:2    | Reached skill level 10 in Armour
 29295 | Elf:2    | XOM: noise
 29300 | Elf:2    | XOM: fake destruction
 29317 | Elf:2    | XOM: enchant monster (good)
 29338 | Elf:2    | Found a huge runed gate.
 29338 | Elf:2    | Found a huge runed gate.
 29339 | Elf:2    | Found a huge runed gate.
 29340 | Elf:2    | Found a huge runed gate.
 29348 | Elf:2    | Found a huge runed gate.
 29696 | Elf:2    | Found Rplumu's Retail Resort.
 29711 | Elf:2    | XOM: 1-stop teleportation journey
 29714 | Elf:2    | XOM: noise
 29716 | Elf:2    | XOM: harmless Ice miscast
 29720 | Elf:2    | XOM: polymorph hell rat -> efreet
 29730 | Elf:2    | XOM: scenery: create altars
 29731 | Elf:2    | Reached skill level 14 in Unarmed Combat
 29739 | Elf:2    | Noticed a deep elf blademaster
 29743 | Elf:2    | XOM: cleaving
 29745 | Elf:2    | XOM: divine lightning
 29756 | Elf:2    | Killed a deep elf blademaster
 29757 | Elf:2    | XOM: polymorph deep elf knight -> water nymph
 30037 | Elf:2    | XOM: enchant monster (good)
 30043 | Elf:2    | XOM: divine lightning
 30149 | Elf:2    | XOM: scenery: 1 doors close
 30322 | Elf:2    | XOM: cloud trail
 30386 | Elf:2    | XOM: divine lightning
 30393 | Elf:2    | XOM: smoke on damage
 30434 | Elf:2    | XOM: cleaving
 30438 | Elf:2    | XOM: summons 6 friendly demons
 30447 | Elf:2    | XOM: scenery: create altars
 30671 | Elf:3    | Entered Level 3 of the Elven Halls
 30672 | Elf:3    | Reached XP level 17. HP: 154/154 MP: 22/22
 30685 | Elf:3    | XOM: fog
 30687 | Elf:3    | XOM: scenery: create altars
 30746 | Elf:3    | XOM: divine lightning
 30815 | Elf:3    | Noticed a deep elf blademaster
 30850 | Elf:3    | XOM: destruction
 30869 | Elf:2    | Killed a deep elf blademaster
 30880 | Elf:3    | XOM: cast spell 'Leda's Liquefaction'
 30980 | Elf:3    | XOM: divination: detect items
 31203 | Elf:3    | XOM: scenery: 1 doors close
 31207 | Elf:3    | XOM: cast spell 'Summon Horrible Things'
 31313 | Elf:3    | Noticed a deep elf master archer
 31330 | Elf:3    | XOM: smoke on damage
 31331 | Elf:3    | Killed a deep elf master archer
 31407 | Elf:3    | XOM: divination: detect items
 31489 | Elf:3    | XOM: harmless Pois miscast
 31622 | Elf:3    | XOM: silly message
 31649 | Elf:3    | XOM: divination: detect items
 31787 | Elf:3    | XOM: harmless Ice miscast
 31796 | Elf:3    | XOM: 2-stop teleportation journey
 31808 | Elf:3    | XOM: enchant monster (bad)
 31829 | Elf:3    | XOM: scenery: 2 doors close
 31864 | Elf:3    | XOM: scenery: 1 doors open
 32021 | Elf:3    | XOM: polymorph deep elf archer -> glowing orange brain
 32145 | Elf:3    | XOM: scenery: 1 doors close
 32186 | Elf:3    | XOM: scenery: 1 doors close
 32206 | Elf:3    | XOM: confuse monster(s)
 32208 | Elf:3    | XOM: 4-stop teleportation journey
 32218 | Elf:3    | XOM: scenery: 2 doors close
 32271 | Elf:3    | XOM: scenery: 2 doors close
 32280 | Elf:3    | Reached skill level 15 in Unarmed Combat
 32393 | Elf:3    | Noticed a deep elf blademaster
 32405 | Elf:3    | XOM: summons 11 friendly demons
 32408 | Elf:3    | XOM: summons friendly white imp
 32436 | Elf:2    | XOM: cast spell 'Monstrous Menagerie'
 32450 | Elf:2    | Killed a deep elf blademaster
 32471 | Elf:3    | XOM: scenery: 2 doors close
 32473 | Elf:3    | XOM: polymorph deep elf sorcerer -> seven-headed hydra
 32477 | Elf:3    | Noticed a Hell Sentinel
 32479 | Elf:3    | Noticed a Hell Sentinel
 32479 | Elf:3    | XOM: repel stairs
 32482 | Elf:3    | XOM: summons friendly crimson imp
 32484 | Elf:3    | Noticed a Brimstone Fiend
 32484 | Elf:3    | a Hell Sentinel changed into a Brimstone Fiend
 32484 | Elf:3    | XOM: polymorph Hell Sentinel -> Brimstone Fiend
 32498 | Elf:3    | Noticed a deep elf master archer
 32499 | Elf:3    | Killed from afar by a deep elf high priest

Vault maps used:
D:1:      kilobyte_arrival_exit_the_forest, hangedman_abyss_or_decor_lesser_grid
D:2:      uniq_jessica
D:3:      nemelex_xobeh_ov_fountains_minmay, nicolae_overflow_hidden_temple,
          first_ration
D:4:      minmay_quantized, uniq_pikel
D:5:      kennysheep_spiral_hall, yredelemnul_forgotten_temple_becter,
          ebering_ghost_sewer_f, uniq_edmund
D:6:      cheibrodos_worm_habitat, overflow_temple_1_default,
          gammafunk_ghost_cemetery, uniq_duvessa
D:7:      nicolae_overflow_crystal_walls, gammafunk_temple_overflow_forgotten,
          minmay_temple_entry_fiery, basic_altar, the_bakery,
          hangedman_abyss_or_decor_passed, kennysheep_generic_room_12
D:8:      minmay_lair_entry_lava, enter_bailey_3, minmay_guarded_unrand_finisher
D:9:      gammafunk_sealed_arena, grunt_temple_overflow_open,
          nicolae_dithmenos_the_darkroom
D:10:     basic_altar
D:11:     serial_shops, kennysheep_mini
D:12:     orc_0_dummy, ebering_ghost_gozag, lab_entry_generic,
          lemuel_centaur_altar
D:13:     lightli_vaults_fourway_checkpoint, serial_shops,
          nicolae_shop_temple_entry_statues_fountains, basic_altar,
          jmf_multi_god_temple2
D:14:     enter_trove_0, uniq_nessos
D:15:     grunt_enter_depths_snipers
Lair:1:   serial_bayou_pond_d, kennysheep_snail_temple
Lair:2:   lemuel_ratsnest, infiniplex_staircase_pool_2
Lair:3:   minmay_shoals_entry_hut, grunt_megastairs_5, uniq_harold
Lair:4:   guppyfry_snake_entry_island, serial_bayou_shore_b
Lair:5:   basic_altar, gammafunk_ghost_ooze, serial_bayou_shore_b,
          grunt_megastairs_4, infiniplex_staircase_pool
Lair:6:   minmay_lair_end_frog_pond, minmay_slime_entry_oklob_open,
          gammafunk_ghost_cemetery
Orc:1:    nicolae_orc_accident_3, serial_shops, shop, shop, shop, basic_altar,
          nicolae_orc_stony_grotto, uniq_nergalle
Orc:2:    st_orc_congregation, serial_shops, shop, basic_altar, special_room
Elf:1:    elf_arrival_002, serial_shops, nicolae_shop_trees,
          minmay_elf_crystal_hexagon
Elf:2:    serial_sigils, serial_sigils_hangedman_confine,
          serial_sigils_hangedman_gnaw, serial_sigils_hangedman_stare,
          serial_sigils_hangedman_gut, nrook_loot_triangle,
          nicolae_alphabet_shops, minivault_14
Elf:3:    elf_hall
Depths:1: enter_ziggurat_b, serial_shops, shop_statue, grunt_metal_band,
          abyss_entry_flame_altar, minmay_crystal_water, tso_metal_star,
          firewood_loft
Lab:      nicolae_lab_statue, nicolae_lab_diamond
Bailey:   bailey_axe_bossmonster_kennysheep, bailey

Skill      XL: |  1  2  3  4  5  6  7  8  9 10 11 12 13 14 15 16 17 |
---------------+----------------------------------------------------+-----
Dodging        | 2 3 4 5 6 7 8 9 10 | 10.1
Fighting       | 3 4 5 6 7 8 9 10 11 12 | 12.4
Unarmed Combat | 4 5 6 8 9 10 11 12 13 14 15 | 15.0
Shields        | 1 3 4 5 6 7 8 |  8.1
Throwing       | 2 5 6 8 9 |  9.3
Armour         | 2 5 7 8 9 10 | 10.1
Evocations     | 1 6 7 8 9 |  9.2
Maces & Flails | 4 5 |  5.3

Action                   |  1- 3 |  4- 6 |  7- 9 | 10-12 | 13-15 | 16-18 || total
-------------------------+-------+-------+-------+-------+-------+-------++-------
Melee: Unarmed           |    44 |   106 |   313 |   485 |  1550 |   713 ||  3211
       Punch             |       |     2 |     8 |    11 |       |       ||    21
       Headbutt          |       |       |    46 |   103 |   338 |   146 ||   633
       Kick              |       |       |    75 |    25 |       |   213 ||   313
Throw: Tomahawk          |       |       |       |       |     5 |       ||     5
       Large rock        |       |       |       |       |    41 |     6 ||    47
       Javelin           |       |       |       |       |     7 |       ||     7
Evoke: Wand              |       |       |       |       |     5 |       ||     5
  Use: Scroll            |       |       |    12 |     6 |    11 |     5 ||    34
       Potion            |       |       |       |     2 |     5 |     3 ||    10
 Stab: Invisible         |     2 |     1 |       |       |       |       ||     3
       Sleeping          |       |     1 |       |       |       |     3 ||     4
       Paralysed         |       |     5 |     3 |       |     1 |     3 ||    12
       Confused          |       |       |     1 |     1 |     5 |       ||     7
       Distracted        |       |       |       |     1 |     4 |     3 ||     8
  Eat: Chunk             |     3 |    23 |    36 |    63 |   123 |    50 ||   298
       Ration            |       |       |     1 |       |     1 |       ||     2
Armor: Robe              |    25 |    26 |    67 |    37 |       |       ||   155
       Fire dragon scale |       |       |       |   144 |   575 |    28 ||   747
       Skin              |       |       |       |       |    15 |       ||    15
       Quicksilver drago |       |       |       |       |       |   229 ||   229
Dodge: Dodged            |    23 |    60 |   153 |   285 |   990 |   381 ||  1892
Block: Shield            |       |       |       |   155 |   809 |   333 ||  1297

Table legend:
 A = Spawn XP
 B = Non-spawn XP
 C = Spawn XP percentage of total XP
 D = Spawn monster count
 E = Non-spawn monster count
 F = Spawn count percentage of total count
 G = Total turns spent on level
                    A         B        C        D         E        F      G
               +---------+---------+-------+---------+---------+-------+---------
         Total |       0 |  237814 |   0.0 |       0 |     859 |   0.0 | 32499
               +---------+---------+-------+---------+---------+-------+---------
           D:1 |       0 |      32 |   0.0 |       0 |      14 |   0.0 |   623
           D:2 |       0 |     175 |   0.0 |       0 |      15 |   0.0 |   737
           D:3 |       0 |     137 |   0.0 |       0 |       8 |   0.0 |   609
           D:4 |       0 |    1007 |   0.0 |       0 |      23 |   0.0 |   942
           D:5 |       0 |    1417 |   0.0 |       0 |      32 |   0.0 |  1245
           D:6 |       0 |    1942 |   0.0 |       0 |      26 |   0.0 |  1561
           D:7 |       0 |     591 |   0.0 |       0 |      13 |   0.0 |  1036
           D:8 |       0 |    2731 |   0.0 |       0 |      25 |   0.0 |  1040
           D:9 |       0 |    1676 |   0.0 |       0 |      19 |   0.0 |   850
          D:10 |       0 |    4148 |   0.0 |       0 |      25 |   0.0 |   937
          D:11 |       0 |    3121 |   0.0 |       0 |      25 |   0.0 |  1572
          D:12 |       0 |    8207 |   0.0 |       0 |      28 |   0.0 |  1282
          D:13 |       0 |   11177 |   0.0 |       0 |      41 |   0.0 |  1332
          D:14 |       0 |    8527 |   0.0 |       0 |      22 |   0.0 |  1411
          D:15 |       0 |   11839 |   0.0 |       0 |      26 |   0.0 |   942
        Lair:1 |       0 |    7681 |   0.0 |       0 |      24 |   0.0 |  1141
        Lair:2 |       0 |    4112 |   0.0 |       0 |      47 |   0.0 |  1000
        Lair:3 |       0 |    3559 |   0.0 |       0 |      12 |   0.0 |   785
        Lair:4 |       0 |    6970 |   0.0 |       0 |      26 |   0.0 |   861
        Lair:5 |       0 |    9994 |   0.0 |       0 |      32 |   0.0 |  1087
        Lair:6 |       0 |   20202 |   0.0 |       0 |      65 |   0.0 |  1512
       Snake:1 |       0 |    5554 |   0.0 |       0 |      14 |   0.0 |   739
         Orc:1 |       0 |    5620 |   0.0 |       0 |      31 |   0.0 |  1123
         Orc:2 |       0 |   14470 |   0.0 |       0 |      97 |   0.0 |  1609
         Elf:1 |       0 |   18735 |   0.0 |       0 |      39 |   0.0 |  1426
         Elf:2 |       0 |   43967 |   0.0 |       0 |      61 |   0.0 |  1989
         Elf:3 |       0 |   36982 |   0.0 |       0 |      47 |   0.0 |  1679
           Lab |       0 |    1177 |   0.0 |       0 |       1 |   0.0 |   826
        Bailey |       0 |    2064 |   0.0 |       0 |      21 |   0.0 |   499
               +---------+---------+-------+---------+---------+-------+---------
